 Dungeon Crawl Stone Soup version 0.27.1 (webtiles) character file.

Game seed: 18060259953790675553

50 H0rd4k the Caller (level 3, -1/24 HPs)
             Began as a Barachi Summoner on Sept 2, 2021.
             Slain by an adder (5 damage)
             ... on level 3 of the Dungeon.
             The game lasted 00:03:18 (3001 turns).

H0rd4k the Caller (Barachi Summoner)                Turns: 3001, Time: 00:03:19

Health: -1/24      AC:  2    Str:  9    XL:     3   Next: 79%
Magic:  2/7        EV: 12    Int: 22    God:
Gold:   39         SH:  0    Dex: 12    Spells: 4/8 levels left

rFire    . . .     SeeInvis .   (no weapon)
rCold    + . .     Faith    .   (no shield)
rNeg     . . .     Spirit   .   a - +0 robe
rPois    .         Reflect  .   (no helmet)
rElec    .         Harm     .   (no cloak)
rCorr    .         Rampage  .   (no gloves)
Will     .....                  (no boots)
Stlth    ++........             (no amulet)
HPRegen  0.08/turn              j - +6 ring of intelligence
MPRegen  0.10/turn              i - ring of protection from cold

@: lethally poisoned (-1 -> -5), slow
A: amphibious, slowness 1, strong legs 1, +LOS
a: Hop


You were on level 3 of the Dungeon.
You visited 1 branch of the dungeon, and saw 3 of its levels.

You collected 39 gold pieces.

Inventory:

Missiles
 f - 17 poisoned darts
Armour
 a - a +0 robe (worn)
Jewellery
 i - a ring of protection from cold (right hand)
 j - a +6 ring of intelligence (left hand)
Scrolls
 b - a scroll of silence {unknown}
 c - a scroll of amnesia {unknown}
 d - a scroll of magic mapping {unknown}
 g - a scroll of enchant weapon {unknown}
 h - a scroll of identify {unknown}
Potions
 e - a potion of ambrosia {unknown}
 k - a potion of cancellation {unknown}


   Skills:
 + Level 0.1 Fighting
 + Level 2.2 Dodging
 - Level 1.7 Stealth
 * Level 3.4 Spellcasting
 * Level 5.5 Summonings


You had 4 spell levels left.
You knew the following spells:

 Your Spells              Type           Power      Damage    Failure   Level
a - Summon Small Mammal   Summ           100%       N/A       1%          1
b - Call Canine Familiar  Summ           28%        N/A       3%          3

Your spell library contained the following spells:

 Spells                   Type           Power      Damage    Failure   Level
 Call Imp                 Summ           28%        N/A       1%          2
 Summon Guardian Golem    Hex/Summ       15%        N/A       12%         3
 Slow                     Hex            3%         N/A       19%         2
 Confusing Touch          Hex            3%         N/A       34%         3
 Vampiric Draining        Necr           1%         2d6       34%         3
 Summon Lightning Spire   Summ/Air       15%        N/A       36%         4


Dungeon Overview and Level Annotations

Branches:
Dungeon (3/15)

Altars:

Annotations:
D:1 exclusion: downstairs


Innate Abilities, Weirdness & Mutations

You are amphibious.
You cover ground slowly.
You can hop short distances.
You have an extended range of vision and can be seen from far away.


Message History

Confirm with . or Enter, or press ? or * to list all spells.
The spell is quite dangerous to cast (3% risk of failure)!
Continue anyway?
Your bat barely misses the adder.
Your hound completely misses the adder.
Your bat barely misses the adder.
The adder bites you.
You are poisoned.
The adder poisons you!
Your hound bites the adder but does no damage.
You feel sick.
Your bat completely misses the adder.
Your bat barely misses the adder.
Your hound barely misses the adder.
Your bat closely misses the adder.
The adder closely misses you.
The kobold hits your rat with a +0 short sword.
You miss the adder.
You feel sick.
Your bat closely misses the adder.
Your hound bites the adder.
The adder barely misses you.
The kobold hits your rat with a +0 short sword.
Your rat dies!
Your rat's corpse disappears in a puff of smoke!
Your hound closely misses the adder.
The adder barely misses you.
You closely miss the adder.
The adder is heavily wounded.
You feel sick.
Your bat closely misses the adder.
Your hound closely misses the adder.
The adder bites you.
You are more poisoned.
The adder poisons you!
Unknown command.
You miss the adder.
The adder is heavily wounded.
You feel very sick.
Your bat closely misses the adder.
Your hound bites the adder.
The adder barely misses you.
Your hound bites the adder.
You closely miss the adder.
The adder is almost dead.
You feel sick. The adder misses you.
Your hound barely misses the adder.
The kobold hits you with a +0 short sword.
* * * LOW HITPOINT WARNING * * *
Your bat closely misses the adder.
* * * LOW HITPOINT WARNING * * *
You feel sick.
Your bat hits the adder.
Your hound closely misses the adder.
The kobold throws a stone.
The stone closely misses you.
Your hound completely misses the adder.
The adder bites you.
You die...

#..#..#...
#).#...#....#
#...#..#....
#######.#.#......
#..........#....
#..........##....
#..........##.#...
#..........#..#.....
#......b@Sh#.##.....
#...................
#.........K#.##.....
#..........#.# ..
#..........#.#
#............#
#########.#### ...
.#.


You could see an adder (ally target), a kobold, a friendly hound (summoned) and
a friendly bat (summoned).

Vanquished Creatures
  An adder (D:2)
1 creature vanquished.

Vanquished Creatures (collateral kills)
  An iguana (D:2)
  An adder (D:2)
  A dart slug (D:3)
  An orc (D:3)
  3 ball pythons
  2 endoplasms
  2 giant cockroaches
  7 goblins
  7 hobgoblins
  4 jackals (D:2)
  3 quokkas
  2 bats
  A kobold (D:1)
  5 rats
40 creatures vanquished.

Grand Total: 41 creatures vanquished

Notes
Turn   | Place    | Note
-------+----------+-------------------------------------------
     0 | D:1      | H0rd4k the Barachi Summoner began the quest for the Orb.
     0 | D:1      | Reached XP level 1. HP: 13/13 MP: 3/3
   131 | D:1      | Reached skill level 5 in Summonings
   588 | D:1      | Reached XP level 2. HP: 19/19 MP: 0/5
  1234 | D:1      | Found a faded altar of an unknown god.
  1893 | D:2      | Reached XP level 3. HP: 24/24 MP: 1/7
  2867 | D:2      | Learned a level 3 spell: Call Canine Familiar
  3001 | D:3      | Slain by an adder

Illustrated notes

Levels and vault maps discovered:
D:1:      dpeg_arrival_arbitrary_a, layout_basic,
          hellmonk_ecumenical_altar_inner_sanctum, grunt_decor_fettered
D:2:      layout_basic, chequers_serial_rivers_small_3
D:3:      layout_rooms, chequers_serial_rivers_small_a, uniq_ijyb,
          uniq_crazy_yiuf_cottage

Skill      XL: |  1  2  3 |
---------------+----------+-----
Summonings     | 5 |  5.5
Spellcasting   | 3 |  3.4
Fighting       | |  0.1
Dodging        | |  2.2
Stealth        | |  1.7

Action                   || total
-------------------------++-------
Melee: Unarmed           ||    13
 Cast: Summon Small Mamm ||   115
       Call Canine Famil ||     1
Armor: Robe              ||     9
Dodge: Dodged            ||    40
